 Dungeon Crawl Stone Soup version 0.32-a0-473-gd044c6f0f0 (webtiles) character file.

Game seed: 17314757257072509913

35 ezpacito the Trooper (level 3, -3/43 HPs)
             Began as a Demonspawn Chaos Knight on Feb 25, 2024.
             Was a Plaything of Xom.
             Slain by Sigmund
             ... wielding a +0 scythe
              (9 damage)
             ... on level 2 of the Dungeon.
             The game lasted 00:01:50 (901 turns).

ezpacito the Trooper (Demonspawn Chaos Knight)       Turns: 901, Time: 00:01:51

Health: -3/43      AC: 21    Str: 14    XL:     3   Next: 16%
Magic:  4/4        EV:  2    Int: 12    God:    Xom [...*..]
Gold:   6          SH:  0    Dex: 12    Spells: 3/3 levels left

rFire   . . .        a - +0 hand axe (chaos)
rCold   . . .        (no shield)
rNeg    . . .        b - melded +2 leather armour
rPois   +            (helmet currently unavailable)
rElec   .            e - melded +0 cloak
rCorr   .            (gloves currently unavailable)
SInv    .            (boots currently unavailable)
Will    +....        (no amulet)
Stlth   +            h - ring of willpower
HPRegen 0.27/turn    (no ring)
MPRegen 0.09/turn

%: no passive effects
@: tree-form, hasted, very quick
A: stationary, stasis, torment immunity, boosted hp, (horns 1), ignite blood 1
a: Renounce Religion


You were on level 2 of the Dungeon.
You worshipped Xom.
You were a favourite toy of Xom.
You were a tree.
You visited 1 branch of the dungeon, and saw 2 of its levels.

You collected 6 gold pieces.

Inventory:

Hand Weapons
 a - a +0 hand axe of chaos (weapon)
Armour
 b - a +2 leather armour (melded)
 e - a +0 cloak (melded)
Jewellery
 h - a ring of willpower (left branch)
Scrolls
 d - a scroll of teleportation
 j - a scroll of immolation


   Skills:
 * Level 3.2 Fighting
 * Level 2.8(2.9) Axes
 + Level 0.3(1.7) Polearms
 * Level 2.1 Armour
 * Level 1.2 Dodging
 + Level 0.3 Stealth
 * Level 0.6 Unarmed Combat
 * Level 0.7 Spellcasting


You had 3 spell levels left.
You didn't know any spells.
Your spell library contained the following spells:

 Spells                   Type           Power      Damage    Failure   Level
 Volatile Blastmotes      Fire/Tloc      0%         2d10      67%         3
 Fulminant Prism          Conj/Alch      0%         3d5       97%         4
 Iskenderun's Mystic Bla  Conj/Tloc      0%         2d3       97%         4


Dungeon Overview and Level Annotations

Branches:
Dungeon (2/15)

Altars:

Annotations:
D:2 Sigmund


Innate Abilities, Weirdness & Mutations

You are a tree.
Your roots penetrate the ground, keeping you stationary.
You cannot be teleported.
You are immune to unholy pain and torment.
Your maximum health is greatly increased.
Your equipment is partially melded.
((You have a pair of small horns on your head.))
Your demonic aura sometimes causes spilled blood to erupt in flames.


Message History

The puff of flame hits you.
* * * LOW HITPOINT WARNING * * *
Okay, then.
As you read the scroll of butterflies, it crumbles to dust.
You hear the flapping of tiny wings.
Sigmund is knocked back by the sudden gust.
You swap places.
You swap places.
Sigmund hits your butterfly with a +0 scythe!
Your butterfly dies!
Your butterfly disappears in a burst of colours!
It was a potion of lignification.
You turn into a tree.
Your +0 cloak melds into your body.
Your +2 leather armour melds into your body.
Your roots penetrate the ground.
As you read the scroll labelled OPANTI HUAG YNEC, it crumbles to dust.
You feel a strange sense of stasis.
It was a scroll of teleportation.
You are now a favourite toy of Xom.
Sigmund misses your butterfly.
As you read the scroll labelled SELLID IDUYDAN, it crumbles to dust.
It is a scroll of identify.
j - a scroll of immolation
Okay, then.
You feel as though your hastened speed will last longer.
Sigmund says, "Your kind have come here before.
I understand now why.
You desire death..."
Sigmund closely misses your butterfly.
You aren't carrying any items that you can evoke.
Okay, then.
Sigmund closely misses your butterfly.
Sigmund gestures wildly while chanting.
Sigmund flickers and vanishes!
Deactivating autopickup; reactivate with Ctrl-A.
You hear some strange, mumbled words.
Something tries to affect you, but you resist.
Something misses your butterfly. Something hits you but does no damage.
You hear some strange, mumbled words.
Your butterfly appears confused.
Something hits you!
You die...

.....# ######....#
#.........# #....<....#
.........># #.......# #+#
#.###.....# #♣#
#....^....#
#####b####.#####.###.#
#bb.{bb.bb.# #.#....
...bb.b#b##########.#.#.#
..bbb#.#bb.......)..#.#.#
#### #b#bb..#.......# #.#
#.#bb.........## #.#
#b#..b........# ...
#.#...........# #.#


There were no monsters in sight!

Vanquished Creatures
  An adder (D:2)
  A dart slug (D:1)
  4 endoplasms
  2 giant cockroaches (D:1)
  2 hobgoblins (D:1)
  A quokka (D:1)
  A ball python (D:1)
  2 frilled lizards (D:1)
  2 goblins (D:1)
  5 kobolds
  3 rats
24 creatures vanquished.

Notes
Turn   | Place    | Note
-------+----------+-------------------------------------------
     0 | D:1      | ezpacito the Demonspawn Chaos Knight began the quest for
                  | the Orb.
     0 | D:1      | Reached XP level 1. HP: 18/18 MP: 1/1
    93 | D:1      | Found a faded altar of an unknown god.
    93 | D:1      | XOM: smoke on damage
    99 | D:1      | XOM: potion effect (curing)
   101 | D:1      | Reached skill level 1 in Dodging
   103 | D:1      | Gained mutation: You have a pair of small horns on your
                  | head. [demonic ancestry]
   103 | D:1      | Reached XP level 2. HP: 18/24 MP: 2/2
   174 | D:1      | XOM: silly message
   206 | D:1      | XOM: silly message
   306 | D:1      | You fall into a shaft and drop 1 floor!
   324 | D:2      | XOM: silly message
   691 | D:2      | Gained mutation: Your demonic aura sometimes causes spilled
                  | blood to erupt in flames. [demonic ancestry]
   691 | D:2      | Reached XP level 3. HP: 18/29 MP: 4/4
   869 | D:2      | Noticed Sigmund
   879 | D:2      | HP: 1/29 [Sigmund/puff of flame (5)]
   901 | D:2      | Slain by Sigmund

Illustrated notes

Levels and vault maps discovered:
D:1:      wheals_arrival_linesprint, layout_rooms,
          chequers_ecumenical_altar_simple_redux
D:2:      layout_basic, minivault_11, wander_ebering_terrifying_dragon_lair,
          uniq_sigmund

Skill      XL: |  1  2 |
---------------+-------+-----
Dodging        | 1 |  1.2
Armour         | 2 |  2.1
Fighting       | |  3.2
Axes           | |  2.8
Polearms       | |  0.3
Stealth        | |  0.3
Unarmed Combat | |  0.6
Spellcasting   | |  0.7

Action                     || total
---------------------------++-------
  Melee: Hand axe          ||    61
         Headbutt          ||     7
    Use: Scroll            ||     3
         Potion            ||     3
 Armour: Leather armour    ||    33
         Skin              ||     2
  Dodge: Dodged            ||    22

Table legend: (Time is in decaauts)
 A = Elapsed time spent in this place.
 B = Non-inter-level travel time spent in this place.
 C = Inter-level travel time spent in this place.
 D = Time resting spent in this place.
 E = Time spent auto-exploring this place.
 F = Levels seen in this place.
 G = Mean time per level.
                   A        B        C        D        E       F      G
               +--------+--------+--------+--------+--------+-----+--------+
         Total |    900 |    831 |     69 |      0 |    648 |   2 |  450.0 |
       Dungeon |    900 |    831 |     69 |      0 |    648 |   2 |  450.0 |
               +--------+--------+--------+--------+--------+-----+--------+

Top non-repeatable levels by time:
     D:1: 635 daAuts
     D:2: 264 daAuts
